 Dungeon Crawl Stone Soup version 0.30-a0-4-ga7cffc901d (webtiles) character file.

Game seed: 7254142692508351109

51 purpskrrrp the Digger (level 3, -1/19 HPs)
             Began as a Gargoyle Earth Elementalist on Aug 21, 2022.
             Was a Believer of Qazlal.
             Slain by an orc wizard
             ... wielding a +0 dagger
              (3 damage)
             ... on level 3 of the Dungeon.
             The game lasted 00:07:38 (1508 turns).

purpskrrrp the Digger (Gargoyle Earth Elementalist) Turns: 1508, Time: 00:07:38

Health: -1/19      AC:  6    Str: 11    XL:     3   Next: 81%
Magic:  4/6        EV: 12    Int: 17    God:    Qazlal [**....]
Gold:   90         SH:  0    Dex: 10    Spells: 0/6 levels left

rFire   . . .      SeeInvis .    f - +0 long sword
rCold   . . .      Faith    .    (no shield)
rNeg    + . .      Spirit   .    a - +1 robe
rPois   ∞          Reflect  .    (no helmet)
rElec   +          Harm     .    g - scarf {shadows}
rCorr   .          Rampage  .    (no gloves)
Will    .....                    (no boots)
Stlth   +.........               (no amulet)
HPRegen 0.06/turn                (no ring)
MPRegen 0.10/turn                (no ring)

@: confused
A: sickness immunity, AC +3, negative energy resistance 1, electricity
resistance, torment resistance 1, petrification resistance
a: Renounce Religion, Upheaval


You were on level 3 of the Dungeon.
You worshipped Qazlal.
Qazlal was pleased with you.
You visited 1 branch of the dungeon, and saw 3 of its levels.

You collected 90 gold pieces.

Inventory:

Hand Weapons
 f - a +0 long sword (weapon)
Armour
 a - a +1 robe (worn)
 g - a scarf of shadows (worn)
Scrolls
 h - 2 scrolls of amnesia
 j - a scroll of noise
Potions
 b - 3 potions of magic
 c - 2 potions of curing {unknown}
 d - a potion of mutation {unknown}
 e - 3 potions of heal wounds
 i - a potion of lignification {unknown}


   Skills:
 + Level 1.8 Dodging
 + Level 2.8 Stealth
 + Level 2.3 Spellcasting
 + Level 1.2 Transmutations
 * Level 4.4 Earth Magic


You couldn't memorise any spells.
You knew the following spells:

 Your Spells              Type           Power      Damage    Failure   Level
a - Sandblast             Erth           34%        2d9       3%          1
b - Stone Arrow           Conj/Erth      18%        3d8       22%         3
c - Wereblood             Tmut           6%         N/A       17%         2

Your spell library contained the following spells:

 Spells                   Type           Power      Damage    Failure   Level
 Passwall                 Tmut/Erth      9%         N/A       9%          2
 Beastly Appendage        Tmut           12%        N/A       11%         1
 Spider Form              Tmut/Pois      4%         N/A       41%         3
 Petrify                  Tmut/Erth      11%        N/A       50%         4


Dungeon Overview and Level Annotations

Branches:
Dungeon (3/15)

Altars:
Dithmenos
Qazlal


Innate Abilities, Weirdness & Mutations

You are immune to sickness and miasma.
Your stone body is resilient. (AC +3)
You are immune to poison.
You resist negative energy. (rN+)
You are resistant to electric shocks. (rElec)
You are resistant to unholy torment.
You are immune to petrification.


Message History

You block the orc wizard's attack.
The orc wizard hits you but does no damage.
You hit the orc wizard.
The orc wizard is heavily wounded.
The orc wizard casts a spell at you.
You are confused.
You are too confused!
You are too confused!
You are too confused!
You bump into the rock wall.
The orc wizard hits you but does no damage.
You miss the orc wizard.
The orc wizard is heavily wounded.
Your primal bloodlust is almost over.
The orc wizard gestures wildly while chanting.
The orc wizard flickers and vanishes!
Deactivating autopickup; reactivate with Ctrl-A.
Something hits you.
You bump into the rock wall.
Something hits you.
You miss something.
You howl as the wereblood boils in your veins!
Something hits you.
You miss something.
You feel less confused.
You hear some strange, mumbled words.
Something tries to affect you, but you resist.
You hit something.
You howl as the wereblood boils in your veins!
You hear some strange, mumbled words.
You are confused.
Something hits you.
You bump into the rock wall.
Your primal bloodlust has ended.
Something hits you.
* * * LOW HITPOINT WARNING * * *
You miss something. Something hits you.
* * * LOW HITPOINT WARNING * * *
You closely miss something. Something hits you but does no damage.
Something hits you.
You die...

....>........................
.#####.###.##################
#.# #.# #.# #.# ## #.###.###
.. #.......# ## #####.#.#
#.#)# #.#@# #.#{# #.#.# ..#.#
###.# ..# ...


There were no monsters in sight!

Vanquished Creatures
  3 dart slugs
  3 orcs (D:3)
  3 bats
  An endoplasm (D:2)
  5 goblins
  5 hobgoblins
  4 jackals (D:2)
  3 kobolds
  A quokka (D:2)
  3 ball pythons (D:2)
  6 rats
37 creatures vanquished.

Notes
Turn   | Place    | Note
-------+----------+-------------------------------------------
     0 | D:1      | purpskrrrp the Gargoyle Earth Elementalist began the quest
                  | for the Orb.
     0 | D:1      | Reached XP level 1. HP: 10/10 MP: 3/3
   133 | D:1      | Found a faded altar of an unknown god.
   197 | D:1      | Reached XP level 2. HP: 15/15 MP: 1/5
   598 | D:1      | Prayed at the altar of an unknown god.
   598 | D:1      | Became a worshipper of Qazlal Stormbringer
   598 | D:1      | Reached * piety under Qazlal
   629 | D:2      | Reached skill level 1 in Transmutations
   629 | D:2      | Reached skill level 4 in Earth Magic
   745 | D:2      | Reached XP level 3. HP: 19/19 MP: 3/6
  1015 | D:2      | Found a shadowy altar of Dithmenos.
  1063 | D:2      | Reached ** piety under Qazlal
  1344 | D:2      | Learned a level 3 spell: Stone Arrow
  1347 | D:2      | Learned a level 2 spell: Wereblood
  1508 | D:3      | Slain by an orc wizard

Illustrated notes

Levels and vault maps discovered:
D:1:      dpeg_arrival_court, layout_rooms,
          hellmonk_ecumenical_altar_inner_sanctum
D:2:      layout_rooms, basic_altar, minmay_tromino_v4_a
D:3:      layout_basic, xom_confusion_cloud, fountainhead,
          nicolae_figureground_pulse

Skill      XL: |  1  2 |
---------------+-------+-----
Transmutations | 1 |  1.2
Earth Magic    | 4 |  4.4
Dodging        | |  1.8
Stealth        | |  2.8
Spellcasting   | |  2.3

Action                   || total
-------------------------++-------
Melee: Unarmed           ||    14
       Long sword        ||    14
 Cast: Sandblast         ||    42
       Wereblood         ||     2
  Use: Scroll            ||     5
Armor: Robe              ||    13
Dodge: Dodged            ||    21
Block: Other             ||     1

Table legend: (Time is in decaauts)
 A = Elapsed time spent in this place.
 B = Non-inter-level travel time spent in this place.
 C = Inter-level travel time spent in this place.
 D = Time resting spent in this place.
 E = Time spent auto-exploring this place.
 F = Levels seen in this place.
 G = Mean time per level.
                   A        B        C        D        E       F      G
               +--------+--------+--------+--------+--------+-----+--------+
         Total |   1533 |   1440 |     93 |      0 |   1156 |   3 |  511.0 |
       Dungeon |   1533 |   1440 |     93 |      0 |   1156 |   3 |  511.0 |
               +--------+--------+--------+--------+--------+-----+--------+

Top non-repeatable levels by time:
     D:2: 785 daAuts
     D:1: 622 daAuts
     D:3: 125 daAuts
